 Dungeon Crawl Stone Soup version 0.28.0-56-g4927b6849a (webtiles) character file.

Game seed: 14529180453145516047

37 cbfl8 the Poker (level 3, 0/27 HPs)
             Began as a Demonspawn Gladiator on Jan 27, 2023.
             Slain by a goblin
             ... wielding a +0 club
             ... led by Robin
              (1 damage)
             ... on level 1 of the Dungeon.
             The game lasted 00:01:15 (1325 turns).

cbfl8 the Poker (Demonspawn Gladiator)              Turns: 1325, Time: 00:01:16

Health: 0/27       AC:  4    Str: 16    XL:     3   Next: 21%
Magic:  3/3        EV:  8    Int:  9    God:
Gold:   17         SH: 11    Dex: 16    Spells: 2/2 levels left

rFire   . . .      SeeInvis .   a - +0 trident
rCold   . . .      Faith    .   f - +0 tower shield
rNeg    . . .      Spirit   .   b - +0 leather armour
rPois   .          Reflect  .   c - +0 helmet
rElec   .          Harm     .   (no cloak)
rCorr   .          Rampage  .   (no gloves)
Will    .....                   (no boots)
Stlth   ++........              (no amulet)
HPRegen 0.09/turn               (no ring)
MPRegen 0.08/turn               (no ring)

@: no status effects
A: thin skeletal structure 1
a: no special abilities


You were on level 1 of the Dungeon.
You visited 1 branch of the dungeon, and saw 2 of its levels.

You collected 17 gold pieces.

Inventory:

Hand Weapons
 a - a +0 trident (weapon)
Missiles
 d - 3 throwing nets (quivered)
Armour
 b - a +0 leather armour (worn)
 c - a +0 helmet (worn)
 f - a +0 tower shield (worn)
Scrolls
 e - 3 scrolls of magic mapping {unknown}


   Skills:
 + Level 2.2 Fighting
 + Level 3.3 Polearms
 + Level 1.7 Throwing
 + Level 0.6 Armour
 + Level 3.1 Dodging


You had 2 spell levels left.
You didn't know any spells.
Your spell library was empty.

Dungeon Overview and Level Annotations

Branches:
Dungeon (2/15)

Altars:

Annotations:
D:2 Robin


Innate Abilities, Weirdness & Mutations

You have a somewhat thin skeletal structure. (Dex +2, Stealth+)


Message History

You barely miss the hobgoblin. The goblin hits you with a +0 club.
The goblin hits you but does no damage. The hobgoblin barely misses you. x2
The goblin closely misses you. You block the goblin's attack.
The goblin closely misses you. The hobgoblin hits you.
The hobgoblin closely misses you.
Unknown command.
You barely miss the hobgoblin. You block the goblin's attack.
The goblin barely misses you. The goblin closely misses you.
The hobgoblin hits you.
The hobgoblin hits you but does no damage.
The goblin hits you but does no damage.
Unknown command.
You puncture the hobgoblin!
You kill the hobgoblin!
The goblin closely misses you. The goblin hits you with a +0 dagger.
The hobgoblin hits you. You block the goblin's attack.
The goblin barely misses you. The goblin hits you with a +0 dagger.
* * * LOW HITPOINT WARNING * * *
The hobgoblin hits you.
* * * LOW HITPOINT WARNING * * *
You are too injured to fight recklessly!
Unknown command.
You are too injured to fight recklessly!
The goblin completely misses you. You block the hobgoblin's attack.
The goblin unwields a +0 dagger.
The goblin wields a +1 hunting sling of flaming.
It bursts into flame!
The goblin shoots a stone.
The stone hits you.
* * * LOW HITPOINT WARNING * * *
The stone burns you.
* * * LOW HITPOINT WARNING * * *
You block the hobgoblin's attack.
The goblin no longer looks unusually strong.
The goblin no longer looks unusually strong. x2
The hobgoblin no longer looks unusually strong.
The goblin hits you with a +0 club.
* * * LOW HITPOINT WARNING * * *
You hit the hobgoblin.
The hobgoblin is lightly wounded.
The goblin hits you with a +0 club.
You die...

#.#.♣♣P♣P♣.####.####...........#
....)♣♣♣♣.....#.# #.#....####.##
..###.....###.#.# #.####........
..# #.)...# #...# #.# ######.##
..# #.#...##########.#########.#
..# #.###..........#...........#
..# #.# #..........#############
†.###.###......gg..#
(>............g.@..#
...............g...#
...................##
....................#
.########.........♣.♣ ##
#.........#.# # #....#####♣.♣ #
#....# #.# # #....# ♣.♣


You could see a hobgoblin and 3 goblins.

Vanquished Creatures
  2 dart slugs (D:1)
  A ball python (D:1)
  3 endoplasms (D:1)
  2 giant cockroaches (D:1)
  2 goblins
  6 hobgoblins (D:1)
  A quokka (D:1)
  4 bats
  A frilled lizard (D:1)
  2 kobolds (D:1)
  4 rats (D:1)
28 creatures vanquished.

Notes
Turn   | Place    | Note
-------+----------+-------------------------------------------
     0 | D:1      | cbfl8 the Demonspawn Gladiator began the quest for the Orb.
     0 | D:1      | Reached XP level 1. HP: 16/16 MP: 1/1
   313 | D:1      | Gained mutation: You have a somewhat thin skeletal
                  | structure. (Dex +2, Stealth+) [demonic ancestry]
   313 | D:1      | Reached XP level 2. HP: 21/22 MP: 2/2
   709 | D:1      | Reached XP level 3. HP: 17/27 MP: 3/3
  1221 | D:2      | Noticed Robin
  1311 | D:1      | HP: 1/27 [goblin/stone[Robin] (2)]
  1320 | D:1      | HP: 1/27 [goblin/+0 club[Robin] (1)]
  1325 | D:1      | Slain by a goblin

Illustrated notes

Levels and vault maps discovered:
D:1:      saegor_arrival_fortress, layout_basic, serial_forest,
          infiniplex_forest_clump_medium, infiniplex_forest_end_double,
          infiniplex_forest_lined_2, infiniplex_forest_zigzag_1,
          infiniplex_forest_end_double
D:2:      layout_rooms, nicolae_figureground_sparkle, uniq_jessica, uniq_robin

Skill      XL: |  1  2 |
---------------+-------+-----
Dodging        | 3 |  3.1
Polearms       | 3 |  3.3
Fighting       | |  2.2
Throwing       | |  1.7
Armour         | |  0.6

Action                   || total
-------------------------++-------
Melee: Trident           ||    82
 Stab: Sleeping          ||     3
Armor: Leather armour    ||    29
Dodge: Dodged            ||    41
Block: Tower shield      ||    18
